[Event "Titled Tuesday Blitz August 15 Early 2023"]
[White "ExchangeAB"]
[Black "Musovic, Armin"]
[BlackFideId "939935"]
[WhiteElo "2426"]
[BlackElo "2568"]
[Result "1-0"]
[Round "9"]
[TimeControl "180+1"]
[Date "2023.08.15"]
[WhiteClock "0:00:43"]
[BlackClock "0:00:05"]
[Board "83"]

1. d4 d5 2. Nc3 c5 3. e4 dxe4 4. d5 a6 5. Bf4 Nf6 6. f3 e6 7. dxe6 Qxd1+ 8. Rxd1 Bxe6 9. fxe4 Nc6 10. Nd5 Bxd5 11. exd5 Nb4 12. c4 Nc2+ 13. Kd2 Nd4 14. Re1+ Kd7 15. Nf3 Bd6 16. Ne5+ Bxe5 17. Bxe5 Rhe8 18. Bd3 Re7 19. Bxd4 cxd4 20. Bf5+ Ke8 21. Kd3 g6 22. Bh3 Re3+ 23. Kxd4 Rxe1 24. Rxe1+ Kf8 25. b4 Rd8 26. a4 b5 27. axb5 axb5 28. Rf1 Kg7 29. Rxf6 Kxf6 30. c5 Ke7 31. d6+ Kf8 32. Kd5 h5 33. c6 Ra8 34. c7 g5 35. c8=Q+ Rxc8 36. Bxc8 1-0


[Site "https://www.chess.com"]

[Event "Titled Tuesday Blitz August 15 Early 2023"]
[White "Souleidis, Georgios"]
[Black "Efremov, Vladislav"]
[WhiteFideId "4206827"]
[BlackFideId "44159935"]
[WhiteElo "2549"]
[BlackElo "2416"]
[Result "1-0"]
[Round "9"]
[TimeControl "180+1"]
[Date "2023.08.15"]
[WhiteClock "0:00:22"]
[BlackClock "0:00:35"]
[Board "84"]

1. e4 c5 2. Be2 Nc6 3. d3 g6 4. f4 Bg7 5. Nf3 e6 6. O-O Nge7 7. c3 O-O 8. Be3 b6 9. d4 cxd4 10. cxd4 d5 11. e5 Bd7 12. Qd2 Rc8 13. Nc3 Na5 14. b3 Re8 15. g4 h6 16. Rac1 Nec6 17. f5 exf5 18. gxf5 Bxf5 19. Bxh6 Bh8 20. Bg5 Qd7 21. Nh4 Be4 22. Qe3 Nxd4 23. Qxd4 Bxe5 24. Qe3 d4 25. Qxe4 Bxh2+ 26. Kxh2 Rxe4 27. Nxe4 Rc6 28. Rxc6 Qxc6 29. Bf3 Qc7+ 30. Kh1 Nc6 31. Rc1 Qe5 32. Rxc6 f5 33. Rxg6+ Kf7 34. Rf6+ Ke8 35. Nxf5 d3 36. Re6+ Qxe6 37. Ng7+ Kf7 38. Nxe6 Kxe6 39. Nd2 Ke5 40. Be3 Kd6 41. Kg2 Ke5 42. Kg3 1-0


[Site "https://www.chess.com"]

[Event "Titled Tuesday Blitz August 15 Early 2023"]
[White "KorolDimitriy75"]
[Black "Postlmayer, Jakob"]
[BlackFideId "1643622"]
[WhiteElo "2426"]
[BlackElo "2546"]
[Result "0-1"]
[Round "9"]
[TimeControl "180+1"]
[Date "2023.08.15"]
[WhiteClock "0:00:00"]
[BlackClock "0:00:58"]
[Board "85"]

1. d4 d5 2. c4 c6 3. Nc3 Nf6 4. e3 e6 5. Nf3 Nbd7 6. Bd3 dxc4 7. Bxc4 b5 8. Be2 Bb7 9. e4 b4 10. e5 bxc3 11. exf6 Nxf6 12. bxc3 Bd6 13. Rb1 Qc7 14. Ne5 O-O 15. Nc4 Be7 16. Bf4 Qxf4 17. Rxb7 Nd5 18. Qd2 Bg5 19. h4 Qxd2+ 20. Nxd2 Bf6 21. Ne4 Rfb8 22. Rb3 a5 23. Kd2 a4 24. Rbb1 Rxb1 25. Rxb1 Bxh4 26. c4 Nf6 27. Nd6 Bxf2 0-1


[Site "https://www.chess.com"]

[Event "Titled Tuesday Blitz August 15 Early 2023"]
[White "jimmy-schlumpf"]
[Black "Nguyen Hong Anh"]
[BlackFideId "12406732"]
[WhiteElo "2411"]
[BlackElo "2546"]
[Result "0-1"]
[Round "9"]
[TimeControl "180+1"]
[Date "2023.08.15"]
[WhiteClock "0:00:00"]
[BlackClock "0:00:20"]
[Board "86"]

1. Nf3 Nf6 2. g3 g6 3. Bg2 Bg7 4. c4 O-O 5. d4 d5 6. cxd5 Nxd5 7. O-O Nc6 8. e4 Nb6 9. d5 Na5 10. Qe1 Nac4 11. Nc3 c6 12. b3 Nd6 13. e5 Nf5 14. dxc6 bxc6 15. Qe4 Ba6 16. Rd1 Qc8 17. Bf4 Rd8 18. h3 e6 19. Bg5 Rxd1+ 20. Rxd1 Nd5 21. Na4 c5 22. Rc1 Bf8 23. g4 Ng7 24. Bf1 Bxf1 25. Kxf1 Qa6+ 26. Kg2 h5 27. Qc4 Qa5 28. Bd2 Qd8 29. Nxc5 hxg4 30. hxg4 Rc8 31. b4 Nb6 32. Qe4 a5 33. a3 axb4 34. axb4 Nd5 35. Nd4 Qb6 36. Nd3 Rxc1 37. Bxc1 Nxb4 38. Nxb4 Qxb4 39. Be3 Qc4 40. Qf4 Qd5+ 41. Kg3 Ne8 42. Ne2 Bg7 43. Bd4 Nc7 44. Nc3 Qc4 45. Ne4 Nd5 46. Qd2 Qb3+ 47. f3 Qb8 48. Qb2 Qc7 49. Kg2 Nf4+ 50. Kg3 Nd3 51. Qc3 Bxe5+ 52. Bxe5 Qxe5+ 53. Qxe5 Nxe5 54. g5 Kg7 55. f4 Nc4 56. Nf6 Nb6 57. Kg4 Nd5 58. Nd7 f6 59. gxf6+ Nxf6+ 60. Nxf6 Kxf6 0-1


[Site "https://www.chess.com"]

[Event "Titled Tuesday Blitz August 15 Early 2023"]
[White "Namitbir Singh Walia"]
[Black "D`Arruda, Ricardo D."]
[WhiteFideId "35071068"]
[BlackFideId "100692"]
[WhiteElo "2409"]
[BlackElo "2546"]
[Result "1-0"]
[Round "9"]
[TimeControl "180+1"]
[Date "2023.08.15"]
[WhiteClock "0:01:20"]
[BlackClock "0:01:09"]
[Board "87"]

1. e4 c5 2. Nf3 Nc6 3. d4 cxd4 4. Nxd4 e5 5. Nb5 a6 6. Nd6+ Bxd6 7. Qxd6 Qe7 8. Qxe7+ Ngxe7 9. Nc3 Nb4 10. Kd1 d6 11. a3 Nbc6 12. Be3 Be6 13. Kd2 O-O-O 14. Rd1 d5 15. exd5 Nxd5 16. Nxd5 Rxd5+ 17. Kc1 Rxd1+ 18. Kxd1 Rd8+ 19. Kc1 f5 20. Bd3 e4 21. Be2 Ne5 22. b3 h6 23. Rd1 Rxd1+ 24. Kxd1 Ng4 25. Bd4 g6 26. h3 Nh2 27. Be5 1-0


[Site "https://www.chess.com"]

[Event "Titled Tuesday Blitz August 15 Early 2023"]
[White "Shuvalov, Evgenij"]
[Black "Karamsetty, Jeevan"]
[WhiteFideId "4187237"]
[BlackFideId "2025337"]
[WhiteElo "2468"]
[BlackElo "2541"]
[Result "0-1"]
[Round "9"]
[TimeControl "180+1"]
[Date "2023.08.15"]
[WhiteClock "0:00:07"]
[BlackClock "0:00:36"]
[Board "88"]

1. d4 g6 2. c4 Bg7 3. e4 d6 4. h3 e5 5. Nf3 Nc6 6. Be3 exd4 7. Nxd4 Nf6 8. Nc3 O-O 9. Be2 Re8 10. Nxc6 bxc6 11. Qc2 Bb7 12. c5 d5 13. exd5 cxd5 14. Rd1 c6 15. O-O Qc7 16. Bd4 Ne4 17. Bxg7 Kxg7 18. Nxe4 Rxe4 19. Bd3 Re6 20. Rfe1 Rae8 21. Rxe6 Rxe6 22. Qc3+ f6 23. Re1 Qe7 24. Rxe6 Qxe6 25. Qb4 Bc8 26. Qb8 Qe1+ 27. Bf1 Bf5 28. Qxa7+ Kh6 29. Qa3 d4 30. g4 d3 31. Qa8 d2 32. Qf8+ Kg5 33. f4+ Kxf4 34. Qd6+ Kg5 35. h4+ Kxh4 36. Qxf6+ Kxg4 37. Qd4+ Kh5 38. Qf4 d1=Q 39. Qh2+ Kg5 40. Qg2+ Qg4 41. Qxg4+ Kxg4 0-1


[Site "https://www.chess.com"]

[Event "Titled Tuesday Blitz August 15 Early 2023"]
[White "Hajiyev, Kanan"]
[Black "Kozelov, Roman"]
[WhiteFideId "13404148"]
[BlackFideId "14133377"]
[WhiteElo "2536"]
[BlackElo "2407"]
[Result "0-1"]
[Round "9"]
[TimeControl "180+1"]
[Date "2023.08.15"]
[WhiteClock "0:00:09"]
[BlackClock "0:00:25"]
[Board "89"]

1. d4 Nf6 2. Nf3 e6 3. c4 b6 4. Nc3 Bb7 5. a3 d5 6. cxd5 Nxd5 7. Qc2 Be7 8. e4 Nxc3 9. bxc3 O-O 10. Bd3 c5 11. O-O Nd7 12. e5 h6 13. Qe2 cxd4 14. cxd4 Re8 15. Bf4 Nf8 16. Rfd1 Rc8 17. Bb5 Bc6 18. Ba6 Rc7 19. Rac1 Qd5 20. Bc4 Qe4 21. Be3 Rec8 22. Bd3 Qd5 23. Ba6 Bb7 24. Bxb7 Qxb7 25. a4 Qd5 26. Qb2 Nd7 27. h3 a5 28. Nd2 Bb4 29. Nf3 b5 30. axb5 Qxb5 31. Bd2 Nb6 32. Rxc7 Rxc7 33. Qb3 Nd5 34. Rb1 Rc4 35. Be1 a4 36. Qd3 Qc6 37. Bxb4 Nxb4 38. Qd2 Nd5 39. Qa5 Rc1+ 40. Rxc1 Qxc1+ 41. Kh2 a3 42. Nd2 Qb2 43. Nc4 Qxf2 44. Qxa3 Qxd4 45. Qa2 Qf4+ 46. Kh1 Nc3 47. Qa8+ Kh7 48. Nd6 Ne2 49. Qe4+ Qxe4 50. Nxe4 Kg6 51. g4 Nd4 52. Kg2 Nc6 53. Kg3 Nxe5 54. Nd6 Kf6 55. Ne8+ Kg6 56. h4 Kh7 57. Nd6 Kg8 58. h5 Kf8 59. Kf4 Nd3+ 60. Ke3 Nc5 61. Kf4 Ke7 62. Nc8+ Kf6 63. Nd6 e5+ 64. Kg3 Ne6 65. Ne4+ Ke7 66. Nc3 Ng5 67. Nd5+ Ke6 68. Ne3 g6 69. hxg6 fxg6 70. Nc4 Kf6 71. Nd6 Ke6 72. Nc4 Kd5 73. Ne3+ Kd4 74. Ng2 Kd3 75. Nh4 Ne4+ 76. Kf3 Nd2+ 77. Kf2 e4 78. Nxg6 e3+ 79. Ke1 Nf3+ 80. Kf1 e2+ 81. Kf2 e1=Q+ 82. Kxf3 Qe4+ 0-1


[Site "https://www.chess.com"]

[Event "Titled Tuesday Blitz August 15 Early 2023"]
[White "Rietze, Clemens, Dr."]
[Black "Grebeniuk, Semen"]
[WhiteFideId "24620351"]
[BlackFideId "14117509"]
[WhiteElo "2407"]
[BlackElo "2534"]
[Result "1-0"]
[Round "9"]
[TimeControl "180+1"]
[Date "2023.08.15"]
[WhiteClock "0:00:18"]
[BlackClock "0:00:13"]
[Board "90"]

1. d4 f5 2. c4 Nf6 3. Nc3 g6 4. h4 Bg7 5. h5 Nxh5 6. e4 O-O 7. exf5 Nc6 8. g4 Nf6 9. Bd3 Nxd4 10. fxg6 e5 11. g5 hxg6 12. gxf6 Qxf6 13. Ne4 Qb6 14. c5 Qe6 15. Be3 d5 16. cxd6 cxd6 17. Bxd4 exd4 18. Ne2 d5 19. N4g3 Qf6 20. Rh2 Bg4 21. Qd2 Rac8 22. Kf1 Qf3 23. Bxg6 Rf6 24. Qd3 Rcc6 25. Bh7+ Kf7 26. Nxd4 Qxd3+ 27. Bxd3 Rb6 28. Nb3 a5 29. Rb1 Rf4 30. Ke1 a4 31. Nd2 Re6+ 32. Be2 Rb4 33. Kd1 Bxe2+ 34. Nxe2 Bxb2 35. Nf4 Ree4 36. Nd3 Rbd4 37. Rxb2 Rxd3 38. Rxb7+ Kg6 39. Kc2 Red4 40. Rg2+ Kf5 41. f3 Ra3 42. Kb2 Rad3 43. Kc1 Rc3+ 44. Kd1 Ra3 45. Rb2 Rxf3 46. Kc2 Rfd3 47. Rf2+ Ke5 48. Re2+ Kd6 49. Rf2 Rh3 50. Re2 Kc5 51. Nb1 Rc4+ 52. Kd2 a3 53. Rc2 Rh4 54. Rxc4+ dxc4 55. Nc3 Rd4+ 56. Kc2 Rd3 57. Re5+ Kd4 58. Rd5+ Ke3 59. Rxd3+ cxd3+ 60. Kd1 Kd4 61. Kd2 Kc4 62. Nb1 Kb4 63. Kxd3 Ka4 64. Kc3 Ka5 65. Kb3 Kb5 66. Kxa3 Ka5 67. Kb3 Ka6 68. Nc3 1-0


[Site "https://www.chess.com"]

[Event "Titled Tuesday Blitz August 15 Early 2023"]
[White "Melikhov, Evgeny V."]
[Black "Pax-Pramana"]
[WhiteFideId "4122046"]
[WhiteElo "2404"]
[BlackElo "2531"]
[Result "1/2-1/2"]
[Round "9"]
[TimeControl "180+1"]
[Date "2023.08.15"]
[WhiteClock "0:00:22"]
[BlackClock "0:00:16"]
[Board "91"]

1. d4 Nf6 2. c4 e6 3. Nc3 Bb4 4. Qc2 c5 5. dxc5 Bxc5 6. Nf3 O-O 7. Bg5 h6 8. Bh4 Nc6 9. O-O-O Be7 10. e4 Ng4 11. Bxe7 Qxe7 12. h3 Nge5 13. Nxe5 Nxe5 14. f4 Nc6 15. e5 f6 16. Qg6 Qf7 17. Qxf7+ Rxf7 18. exf6 Rxf6 19. g3 b6 20. Bg2 Rf7 21. Ne4 d5 22. Nd6 Rc7 23. Nxc8 Raxc8 24. cxd5 Nb4+ 25. Kb1 Nxd5 26. Bxd5 exd5 27. Rxd5 Kh7 28. f5 Rc2 29. g4 Rf2 30. Rc1 Re8 31. a4 Ree2 32. Rb5 Re7 33. a5 bxa5 34. Rxa5 Rh2 35. Ra3 Ree2 36. Rb3 a5 37. Rc7 a4 38. Rbb7 a3 39. bxa3 Rh1+ 40. Rc1 Rxh3 41. f6 Kg6 42. fxg7 Kh7 43. a4 Rg2 44. Rc2 Rxg4 45. a5 Ra3 46. Rc8 Rxg7 47. Rxg7+ Kxg7 48. Ra8 h5 49. Kb2 Ra4 50. Kb3 Ra1 51. Kb2 Ra4 52. Kb3 Ra1 53. Kb2 Ra4 1/2-1/2


[Site "https://www.chess.com"]

[Event "Titled Tuesday Blitz August 15 Early 2023"]
[White "Fuzesabonyilaci"]
[Black "Benedetti, Julio"]
[BlackFideId "172545"]
[WhiteElo "2395"]
[BlackElo "2529"]
[Result "1-0"]
[Round "9"]
[TimeControl "180+1"]
[Date "2023.08.15"]
[WhiteClock "0:00:22"]
[BlackClock "0:00:00"]
[Board "92"]

1. e4 c5 2. Nf3 d6 3. Bb5+ Nd7 4. d4 cxd4 5. Nxd4 a6 6. Bxd7+ Bxd7 7. O-O e6 8. c4 Rc8 9. b3 b5 10. cxb5 axb5 11. Bb2 Nf6 12. Re1 Be7 13. Qe2 Qb6 14. Na3 b4 15. Nc4 Qb8 16. Nc2 Bb5 17. N2e3 Nxe4 18. Qg4 Nf6 19. Qxg7 Rg8 20. Qh6 Rg6 21. Qf4 Nh5 22. Qf3 Rg5 23. h4 Bc6 24. Qd1 Rb5 25. Qg4 Nf6 26. Qg7 Nd5 27. Qxh7 Nf4 28. Rad1 Rh5 29. Qg8+ Kd7 30. Qxf7 Rf8 31. Qg7 1-0


[Site "https://www.chess.com"]

[Event "Titled Tuesday Blitz August 15 Early 2023"]
[White "Ovezdurdyyeva, Jemal"]
[Black "Mogirzan, Matei-Valeriu"]
[WhiteFideId "14001888"]
[BlackFideId "1257455"]
[WhiteElo "2390"]
[BlackElo "2529"]
[Result "0-1"]
[Round "9"]
[TimeControl "180+1"]
[Date "2023.08.15"]
[WhiteClock "0:00:01"]
[BlackClock "0:00:57"]
[Board "93"]

1. e4 e5 2. Nf3 Nf6 3. Nxe5 Nc6 4. Nxc6 dxc6 5. d4 Nxe4 6. Bd3 f5 7. O-O Bd6 8. f3 Qh4 9. f4 Bd7 10. Qe1 Qe7 11. Nd2 O-O-O 12. Nxe4 fxe4 13. Qxe4 Qf6 14. Be3 Bg4 15. f5 h5 16. d5 cxd5 17. Qa4 a6 18. Bf4 Bc5+ 19. Kh1 h4 20. b4 Bd4 21. Rae1 h3 22. b5 hxg2+ 23. Kxg2 Rxh2+ 24. Bxh2 Qh4 25. Rh1 Qh3# 0-1


[Site "https://www.chess.com"]

[Event "Titled Tuesday Blitz August 15 Early 2023"]
[White "Nosacheva, Mariya"]
[Black "Camilla_Lee"]
[WhiteFideId "34111422"]
[WhiteElo "2385"]
[BlackElo "2514"]
[Result "1/2-1/2"]
[Round "9"]
[TimeControl "180+1"]
[Date "2023.08.15"]
[WhiteClock "0:00:12"]
[BlackClock "0:00:03"]
[Board "94"]

1. e4 e5 2. Nf3 Nc6 3. Bc4 Nf6 4. d4 exd4 5. e5 d5 6. Bb5 Ne4 7. Nxd4 Bd7 8. Bxc6 bxc6 9. O-O Bc5 10. c3 O-O 11. f3 Ng5 12. f4 Ne4 13. Nd2 f6 14. Nxe4 dxe4 15. Qb3+ Kh8 16. e6 Bc8 17. f5 Qd5 18. Be3 Ba6 19. Rf2 Bd3 20. Qd1 Bd6 21. Qg4 c5 22. Ne2 Bxe2 23. Rxe2 Rfd8 24. Rf2 c4 25. Qh4 Rab8 26. Bd4 Bc5 27. Bxc5 Qxc5 28. Qxe4 Rxb2 29. Qf3 h6 30. Rf1 Rdd2 31. g3 Rxa2 32. Qa8+ Kh7 33. Qe8 Rxf2 34. Qg6+ Kg8 35. Qf7+ Kh7 36. Qg6+ Kg8 37. Qf7+ Kh7 38. Qg6+ 1/2-1/2


[Site "https://www.chess.com"]

[Event "Titled Tuesday Blitz August 15 Early 2023"]
[White "Bach Ngoc Thuy Duong"]
[Black "Vasques, Antonio Pedro Freixial"]
[WhiteFideId "12408956"]
[BlackFideId "1908332"]
[WhiteElo "2512"]
[BlackElo "2373"]
[Result "0-1"]
[Round "9"]
[TimeControl "180+1"]
[Date "2023.08.15"]
[WhiteClock "0:00:00"]
[BlackClock "0:00:14"]
[Board "95"]

1. d4 Nf6 2. c4 e6 3. Nc3 Bb4 4. Qc2 O-O 5. e4 d6 6. Bd3 e5 7. d5 a5 8. Ne2 Nbd7 9. Be3 Ng4 10. Bd2 Bc5 11. Nd1 Qf6 12. O-O Qg6 13. Ng3 Ba7 14. Kh1 Nc5 15. f3 Nh6 16. Ne3 Nxd3 17. Qxd3 f5 18. exf5 Nxf5 19. Nexf5 Bxf5 20. Nxf5 Rxf5 21. Be3 Bxe3 22. Qxe3 Rf4 23. c5 Rd4 24. Rad1 Rxd1 25. Rxd1 Qc2 26. Rc1 Qxb2 27. cxd6 cxd6 28. a3 b5 29. h3 b4 30. Rc7 bxa3 31. Qg5 Qb1+ 32. Kh2 Qg6 33. Qe7 a2 34. Rc1 h6 35. Qb7 Rf8 36. Ra1 e4 37. fxe4 Qxe4 38. Rxa2 Qe5+ 39. Kg1 Qd4+ 40. Kh2 Qf4+ 41. Kg1 Qe3+ 42. Kh2 Qe5+ 0-1


[Site "https://www.chess.com"]

[Event "Titled Tuesday Blitz August 15 Early 2023"]
[White "Tikhonov, Viacheslav"]
[Black "Pershina, Elena"]
[WhiteFideId "44196407"]
[BlackFideId "24147516"]
[WhiteElo "2511"]
[BlackElo "2364"]
[Result "1-0"]
[Round "9"]
[TimeControl "180+1"]
[Date "2023.08.15"]
[WhiteClock "0:01:13"]
[BlackClock "0:00:00"]
[Board "96"]

1. d4 d5 2. c4 c6 3. Nf3 Nf6 4. e3 Bf5 5. Qb3 Qc7 6. Bd3 Bxd3 7. Qxd3 dxc4 8. Qxc4 e6 9. O-O Bd6 10. b3 O-O 11. Bb2 Nbd7 12. Nbd2 Nb6 13. Qe2 Rfe8 14. e4 Be7 15. Rfe1 Rad8 16. Rac1 Qf4 17. Qe3 Qxe3 18. Rxe3 Nfd7 19. Rec3 Bb4 20. R3c2 Bxd2 21. Rxd2 f6 22. a4 a5 23. Bc3 Ra8 24. g4 Kf7 25. Rd3 Red8 26. Bd2 e5 27. Be3 Ke6 28. Rcd1 Ke7 29. dxe5 fxe5 30. Nxe5 Nxe5 31. Rxd8 Rxd8 32. Rxd8 Kxd8 33. Bxb6+ Kd7 34. Bxa5 Nxg4 35. Bc3 g6 36. Bg7 Ke6 37. Kg2 h5 38. h3 Ne5 39. Bxe5 Kxe5 40. Kf3 g5 41. Ke3 c5 42. a5 Ke6 43. f4 1-0


[Site "https://www.chess.com"]

[Event "Titled Tuesday Blitz August 15 Early 2023"]
[White "FunnyDuck66"]
[Black "Lopez Gracia, Fernando"]
[BlackFideId "2207184"]
[WhiteElo "2500"]
[BlackElo "2360"]
[Result "1-0"]
[Round "9"]
[TimeControl "180+1"]
[Date "2023.08.15"]
[WhiteClock "0:00:06"]
[BlackClock "0:00:00"]
[Board "97"]

1. d4 Nf6 2. Nf3 e6 3. Bg5 d5 4. e3 Nbd7 5. Bd3 Be7 6. O-O O-O 7. Nbd2 b6 8. c3 Bb7 9. Ne5 c5 10. f4 Ne4 11. Bxe7 Qxe7 12. Bxe4 dxe4 13. Qc2 f5 14. Nxd7 Qxd7 15. Nc4 cxd4 16. exd4 Rac8 17. Ne5 Qd5 18. Qb3 Rfd8 19. Rae1 Ba6 20. Rf2 Bc4 21. Qa3 Rc7 22. Re3 Bxa2 23. g4 Qb3 24. Qa6 Rd5 25. gxf5 exf5 26. Qe2 Qb5 27. Qh5 g6 28. Qh6 Rd6 29. h4 Rg7 30. Rg2 Qe8 31. h5 Bb1 32. hxg6 hxg6 33. Rh3 Kf8 34. Qg5 Ba2 35. Qh6 Bg8 36. Qg5 Qe7 37. Qh6 Qf6 38. Rhg3 e3 39. Rxg6 1-0


[Site "https://www.chess.com"]

[Event "Titled Tuesday Blitz August 15 Early 2023"]
[White "arenal72"]
[Black "Akylbek2021"]
[WhiteElo "2492"]
[BlackElo "2356"]
[Result "1/2-1/2"]
[Round "9"]
[TimeControl "180+1"]
[Date "2023.08.15"]
[WhiteClock "0:00:33"]
[BlackClock "0:00:08"]
[Board "98"]

1. e4 c5 2. Nf3 Nc6 3. d4 cxd4 4. Nxd4 g6 5. Nc3 Bg7 6. Be3 Nf6 7. Be2 O-O 8. Qd2 d5 9. Nxc6 bxc6 10. O-O-O Be6 11. e5 Nd7 12. f4 Qa5 13. Kb1 Rab8 14. b3 Nb6 15. Nxd5 Qxd5 16. Qb4 Nc4 17. Rxd5 Rxb4 18. Rd4 Na3+ 19. Kb2 Rxd4 20. Bxd4 Nb5 21. Bc5 f6 22. Bxe7 Rf7 23. Bxf6 Bxf6 24. exf6 Rxf6 25. g3 Bd5 26. Rd1 Nc7 27. c4 Bg2 28. Rd7 Rf7 29. Rd2 Be4 30. Kc3 c5 31. Bg4 Re7 32. Re2 Kf7 33. a3 h5 34. Bh3 a5 35. b4 axb4+ 36. axb4 cxb4+ 37. Kxb4 Na6+ 38. Kb5 Bc6+ 39. Kxc6 Rxe2 40. Bc8 Nb4+ 41. Kc5 Nd3+ 42. Kd4 Nb4 43. h3 Nc6+ 44. Kc5 Ne7 45. Bd7 Re3 46. g4 hxg4 47. hxg4 Re4 48. f5 g5 49. Kb5 Kf6 50. c5 Rxg4 51. c6 Rf4 52. c7 Rxf5+ 53. Bxf5 Kxf5 54. Kc5 Ke6 55. Kd4 Kd6 56. Ke4 Kxc7 57. Kf3 1/2-1/2


[Site "https://www.chess.com"]

[Event "Titled Tuesday Blitz August 15 Early 2023"]
[White "Polaczek, Richard"]
[Black "Mihailidis, Anastasios"]
[WhiteFideId "200026"]
[BlackFideId "4205588"]
[WhiteElo "2356"]
[BlackElo "2491"]
[Result "1/2-1/2"]
[Round "9"]
[TimeControl "180+1"]
[Date "2023.08.15"]
[WhiteClock "0:00:47"]
[BlackClock "0:00:47"]
[Board "99"]

1. d4 d5 2. c4 e6 3. Nc3 Nf6 4. cxd5 exd5 5. Bg5 h6 6. Bxf6 gxf6 7. e3 c6 8. Nge2 Bf5 9. Nf4 Bd6 10. Bd3 Bxd3 11. Nxd3 Nd7 12. Qf3 Qe7 13. O-O-O O-O-O 14. Kb1 Qe6 15. g4 Rhg8 16. h3 Rg5 17. Nf4 Qe7 18. h4 Rgg8 19. Nce2 Qe4+ 20. Qxe4 dxe4 21. Rhg1 Bxf4 22. Nxf4 Nb6 23. Nh5 Nd5 24. Rc1 Rg6 25. Rg3 Rdg8 26. Rcg1 Kd7 27. a3 Ke7 28. Kc2 Kd7 29. Kd2 Ne7 30. Nf4 R6g7 31. Nh5 Rg6 32. Nf4 R6g7 33. Nh5 Rg6 1/2-1/2


[Site "https://www.chess.com"]

[Event "Titled Tuesday Blitz August 15 Early 2023"]
[White "Reprintsev, Alexander"]
[Black "Jahnz, Fabian"]
[WhiteFideId "14100541"]
[BlackFideId "4653300"]
[WhiteElo "2490"]
[BlackElo "2354"]
[Result "1-0"]
[Round "9"]
[TimeControl "180+1"]
[Date "2023.08.15"]
[WhiteClock "0:00:17"]
[BlackClock "0:00:08"]
[Board "100"]

1. e4 c6 2. Nc3 d5 3. Nf3 dxe4 4. Nxe4 Nf6 5. Qe2 Nxe4 6. Qxe4 Qd5 7. Qe3 Qe6 8. Be2 Qxe3 9. fxe3 f6 10. d4 Bf5 11. c4 e6 12. Bd2 Nd7 13. Bc3 Be7 14. h3 h5 15. Nd2 O-O-O 16. e4 Bg6 17. O-O-O e5 18. g4 exd4 19. Bxd4 Nc5 20. gxh5 Rxd4 21. hxg6 Nxe4 22. Bg4+ Kc7 23. Rhe1 Nf2 24. Rxe7+ Kd8 25. Rxb7 Rh6 26. Nb3 Rxd1+ 27. Bxd1 Rxg6 28. Bg4 Nxg4 29. hxg4 Rxg4 30. c5 a5 31. Nxa5 g5 32. Nxc6+ Kc8 33. Rb4 Rg1+ 34. Kd2 Kc7 35. Ne7 g4 36. Ke2 g3 37. Kf3 Kd7 38. Ng6 Kc6 39. Rc4 g2 40. b4 Kb5 41. Rc2 Rd1 42. Kxg2 Kxb4 43. c6 Rd8 44. c7 1-0


[Site "https://www.chess.com"]

[Event "Titled Tuesday Blitz August 15 Early 2023"]
[White "Delorme, Axel"]
[Black "Mikhaylova, Irina"]
[WhiteFideId "632023"]
[BlackFideId "4109040"]
[WhiteElo "2486"]
[BlackElo "2320"]
[Result "0-1"]
[Round "9"]
[TimeControl "180+1"]
[Date "2023.08.15"]
[WhiteClock "0:00:00"]
[BlackClock "0:00:12"]
[Board "101"]

1. e4 c5 2. Nf3 Nc6 3. Bb5 e6 4. O-O Nge7 5. Re1 Ng6 6. c3 Be7 7. d4 cxd4 8. cxd4 d5 9. e5 O-O 10. Nc3 Bd7 11. g3 Re8 12. h4 Rc8 13. Bg5 Na5 14. Bd3 Nc4 15. Qe2 h6 16. Bxe7 Qxe7 17. Bxg6 fxg6 18. Rac1 Rf8 19. b3 Nb6 20. Kg2 Rc7 21. Qd3 Qf7 22. Ne2 Bb5 23. Rxc7 Bxd3 24. Rxf7 Kxf7 25. Nf4 Be4 26. Re3 g5 27. hxg5 hxg5 28. Rxe4 dxe4 29. Nxg5+ Ke7 30. Ngxe6 Rc8 31. Nxg7 Rc2 32. d5 e3 33. Kf3 exf2 34. Kg2 Kf7 35. Nf5 Nxd5 36. Nxd5 Ke6 37. Nde3 Rxa2 38. g4 Kxe5 39. Kf1 Kf4 40. Ng2+ Kxg4 41. Nd4 Kg3 0-1


[Site "https://www.chess.com"]

[Event "Titled Tuesday Blitz August 15 Early 2023"]
[White "Pandey Srishti"]
[Black "Ouellet, Maili-Jade"]
[WhiteFideId "35093290"]
[BlackFideId "2620472"]
[WhiteElo "2476"]
[BlackElo "2311"]
[Result "0-1"]
[Round "9"]
[TimeControl "180+1"]
[Date "2023.08.15"]
[WhiteClock "0:00:37"]
[BlackClock "0:00:06"]
[Board "102"]

1. e4 e5 2. Nf3 d6 3. Nc3 Nf6 4. Be2 Be7 5. O-O c5 6. a3 O-O 7. b4 Nc6 8. bxc5 dxc5 9. h3 h6 10. Bc4 a6 11. a4 Qc7 12. Rb1 Nd4 13. d3 Be6 14. Nxd4 cxd4 15. Bxe6 fxe6 16. Ne2 Rac8 17. f4 exf4 18. Nxf4 Qd7 19. Ng6 Rfe8 20. Bf4 Bd8 21. Qd2 Kh7 22. Ne5 Qxa4 23. Rxb7 Rxc2 24. Qe1 Re7 25. Rb8 Bc7 26. Rb4 Qe8 27. Qb1 Rc5 28. Nc4 Bxf4 29. Rxf4 Qh5 30. Rb8 Qe2 31. Rf2 Qh5 32. Qb6 Rb5 33. Qd6 Rxb8 34. Qxe7 Re8 35. Qa7 Qd1+ 36. Kh2 Qxd3 37. Nd6 Rf8 38. e5 Ng4+ 39. hxg4 Rxf2 40. Ne8 Qg6 41. Nf6+ Rxf6 42. exf6 Qxf6 43. Qxa6 Qf4+ 44. Kg1 Qxg4 45. Qd3+ Kh8 46. Qc4 e5 47. Qd5 Qf4 48. Qd7 Kh7 49. Qc8 d3 50. Qc3 d2 51. Qc2+ e4 52. Kh1 h5 53. Kg1 Kh6 54. Qc6+ g6 55. Qd5 e3 56. Qd8 Qe5 57. g4 hxg4 58. Kg2 Kh5 59. Qg8 Qe4+ 60. Kg1 Qf3 61. Qh7+ Kg5 62. Qe7+ Kf4 63. Qf6+ Ke4 64. Qc6+ Kd3 65. Qb5+ Kc2 66. Qc4+ Kd1 67. Qb3+ Ke1 68. Qd1+ Kxd1 69. Kh2 g3+ 0-1


[Site "https://www.chess.com"]

[Event "Titled Tuesday Blitz August 15 Early 2023"]
[White "Molenda, Marcin"]
[Black "bteillet"]
[WhiteFideId "1173065"]
[WhiteElo "2471"]
[BlackElo "2274"]
[Result "1-0"]
[Round "9"]
[TimeControl "180+1"]
[Date "2023.08.15"]
[WhiteClock "0:00:15"]
[BlackClock "0:00:15"]
[Board "103"]

1. e4 d6 2. Bc4 Nf6 3. Nc3 g6 4. Nf3 Bg7 5. h3 O-O 6. O-O Nxe4 7. Nxe4 d5 8. Bd3 dxe4 9. Bxe4 c6 10. d4 Be6 11. Bd3 Bd5 12. c3 Nd7 13. Bg5 h6 14. Bh4 g5 15. Bg3 f5 16. c4 Bxf3 17. Qxf3 f4 18. Bh2 Bxd4 19. Rad1 e5 20. Qe4 Qe7 21. Qg6+ Qg7 22. Qe6+ Kh8 23. b4 Rae8 24. Qg4 Nf6 25. Qf5 Nd5 26. Qe4 Nxb4 27. Bb1 Na6 28. Kh1 Nc5 29. Qc2 Ne6 30. f3 c5 31. g3 b6 32. g4 Rd8 33. Kg2 Be3 34. Bg1 Nd4 35. Qe4 Bxg1 36. Rxg1 Rd7 37. Rh1 Kg8 38. h4 Rf6 39. Qa8+ Rf8 40. Qe4 Rf6 41. Rh3 gxh4 42. Rxh4 Rg6 43. Qa8+ Kf7 44. Bxg6+ Qxg6 45. Qc8 Ke7 46. Rf1 Qc2+ 47. Rf2 Qg6 48. Rh5 Ne6 49. Rxe5 Kd6 50. Rd5+ Ke7 51. Qxd7+ Kf6 52. Rd6 Qf7 53. Re2 h5 54. Rexe6+ Kg7 55. Re7 hxg4 56. Rxf7+ Kg8 57. Qe8# 1-0


[Site "https://www.chess.com"]

[Event "Titled Tuesday Blitz August 15 Early 2023"]
[White "Weetik, Vjacheslav"]
[Black "Rom, Jasper"]
[WhiteFideId "4153472"]
[BlackFideId "2023733"]
[WhiteElo "2706"]
[BlackElo "2408"]
[Result "1-0"]
[Round "9"]
[TimeControl "180+1"]
[Date "2023.08.15"]
[WhiteClock "0:01:26"]
[BlackClock "0:00:00"]
[Board "104"]

1. d4 d5 2. c4 e6 3. Nc3 c6 4. e4 dxe4 5. Nxe4 Bb4+ 6. Nc3 Nf6 7. Nf3 c5 8. a3 Ba5 9. Be3 Ng4 10. Qc2 Nxe3 11. fxe3 cxd4 12. exd4 Nc6 13. O-O-O O-O 14. h4 h6 15. Bd3 Bxc3 16. Qxc3 Qf6 17. Bc2 Rd8 18. Qd3 Qf4+ 19. Kb1 f5 20. Qc3 Bd7 21. d5 Rac8 22. dxc6 Bxc6 23. Rhe1 Be4 24. Rxd8+ Rxd8 25. Bxe4 fxe4 26. Qe5 Qxe5 27. Nxe5 Rd2 28. g4 Rh2 29. h5 Kf8 30. Rxe4 Ke7 31. c5 Kf6 32. b4 Kg5 33. Nf3+ 1-0


[Site "https://www.chess.com"]